 Dungeon Crawl Stone Soup version 0.27.1-35-g4d5d836560 (webtiles) character file.

Game seed: 3099821703366425093

80 Delamore the Sneak (level 4, 0/29 HPs)
             Began as an Octopode Brigand on May 15, 2022.
             Succumbed to a kobold's poison
             ... on level 2 of the Dungeon.
             The game lasted 00:01:24 (1474 turns).

Delamore the Sneak (Octopode Brigand)               Turns: 1474, Time: 00:01:24

Health: 0/29       AC:  1    Str: 10    XL:     4   Next: 39%
Magic:  13/13      EV: 12    Int: 13    God:
Gold:   24         SH:  0    Dex: 14    Spells: 3/3 levels left

rFire    . . .     SeeInvis .   a - +2 dagger
rCold    . . .     Faith    .   (no shield)
rNeg     . . .     Spirit   .   (helmet restricted)
rPois    .         Reflect  .   (no amulet)
rElec    .         Harm     .   i - ring of magical power
rCorr    .         Rampage  .   (no ring)
Will     .....                  (no ring)
Stlth    ++++......             (no ring)
HPRegen  0.09/turn              (no ring)
MPRegen  0.13/turn              (no ring)
                                (no ring)
                                (no ring)

@: lethally poisoned (0 -> -10), very slightly contaminated, invisible
A: almost no armour, amphibious, 8 rings, camouflage 1, gelatinous body 1,
(nimble swimmer 1), tentacles
a: no special abilities


You were on level 2 of the Dungeon.
You visited 1 branch of the dungeon, and saw 2 of its levels.

You collected 24 gold pieces.

Inventory:

Hand Weapons
 a - a +2 dagger (weapon)
Missiles
 b - 8 poisoned darts (quivered)
 f - 5 atropa-tipped darts
Jewellery
 i - a ring of magical power (left tentacle)
Scrolls
 e - a scroll of brand weapon
 h - a scroll of enchant armour
 l - a scroll of fear {unknown}
Potions
 d - a potion of ambrosia {unknown}
 g - a potion of flight {unknown}
 j - a potion of invisibility
 k - a potion of degeneration {unknown}
 m - a potion of haste {unknown}


   Skills:
 - Level 2.0 Fighting
 * Level 3.8 Short Blades
 + Level 2.1 Throwing
 - Level 1.0 Dodging
 - Level 6.1 Stealth


You had 3 spell levels left.
You didn't know any spells.
Your spell library was empty.

Dungeon Overview and Level Annotations

Branches:
Dungeon (2/15)

Altars:


Innate Abilities, Weirdness & Mutations

You cannot wear most types of armour.
You are amphibious.
You can wear up to eight rings at the same time.
Your skin changes colour to match your surroundings (Stealth+).
Your rubbery body absorbs attacks. (AC +1, EV +1)
((You are camouflaged near water. (Stealth+)))
You have tentacles for arms and can constrict up to eight enemies at once.


Message History

Okay, then.
Throw: 2 darts (curare)
Press: ? - help, Q - select action, (/) - cycle Shift-Dir - straight line, f - adder
Aim: an adder (42% to hit)
You throw a curare-tipped dart.
The curare-tipped dart misses the adder.
You feel sick. The adder bites you.
Throw: dart (curare)
Press: ? - help, Q - select action, (/) - cycle Shift-Dir - straight line, f/p - adder
Aim: an adder (42% to hit)
You throw a curare-tipped dart.
The curare-tipped dart barely misses the adder.
You feel sick.
The kobold hits you with a +1 dagger of venom.
* * * LOW HITPOINT WARNING * * *
The adder closely misses you.
It was a potion of invisibility.
You fade into invisibility!
You feel sick. The adder closely misses you. The kobold misses you.
You are very lightly contaminated with residual magic.
You hit the adder. You grab the adder.
The adder is heavily wounded.
You constrict the adder, but do no damage.
You feel sick. The adder barely misses you. The kobold barely misses you.
You completely miss the adder.
You squeeze the adder, but do no damage.
The adder is heavily wounded.
You constrict the adder.
The adder hisses angrily.
The adder barely misses you.
You hit the adder. You squeeze the adder.
You kill the adder!
You feel sick. The kobold hits you but does no damage.
You are lethally poisoned!
You closely miss the kobold. You grab the kobold. You constrict the kobold.
* * * LOW HITPOINT WARNING * * *
You feel sick.
You hit the kobold.
You kill the kobold!
You die...

#...##...#
#.. #...#
#. #...# +
#...#
#...###..
#........
#..####..
#..# #@.#
#†)# #..#
#... '....
#....#
#....#
#(...#


There were no monsters in sight!

Vanquished Creatures
  4 adders (D:2)
  4 dart slugs
  2 bats (D:1)
  2 giant cockroaches (D:1)
  2 hobgoblins
  7 kobolds
  2 quokkas (D:2)
  3 ball pythons (D:1)
  2 frilled lizards (D:1)
  6 goblins (D:1)
  5 rats
39 creatures vanquished.

Notes
Turn   | Place    | Note
-------+----------+-------------------------------------------
     0 | D:1      | Delamore the Octopode Brigand began the quest for the Orb.
     0 | D:1      | Reached XP level 1. HP: 14/14 MP: 1/1
   173 | D:1      | Reached XP level 2. HP: 19/19 MP: 2/2
   473 | D:1      | Reached XP level 3. HP: 24/24 MP: 3/3
   918 | D:2      | Reached skill level 6 in Stealth
  1409 | D:2      | Reached XP level 4. HP: 28/29 MP: 4/4
  1474 | D:2      | Succumbed to a kobold's poison

Illustrated notes

Levels and vault maps discovered:
D:1:      dpeg_arrival_rooms_with_view, layout_basic
D:2:      layout_basic, serial_shops, shop_statue, kennysheep_generic_room_4

Skill      XL: |  1  2  3 |
---------------+----------+-----
Short Blades   | 3 |  3.8
Stealth        | 6 |  6.1
Fighting       | |  2.0
Throwing       | |  2.1
Dodging        | |  1.0

Action                   |  1- 3 |  4- 6 || total
-------------------------+-------+-------++-------
Melee: Dagger            |    72 |    12 ||    84
       Constrict         |    16 |     3 ||    19
       Tentacles         |     5 |     3 ||     8
Throw: Dart              |       |     2 ||     2
  Use: Scroll            |     2 |       ||     2
       Potion            |       |     1 ||     1
 Stab: Sleeping          |    13 |     1 ||    14
       Distracted        |     2 |       ||     2
Armor: Skin              |     2 |     1 ||     3
Dodge: Dodged            |    35 |     7 ||    42
